 Dungeon Crawl Stone Soup version 0.23-a0-607-g760965b (console) character file.

156 Duffy the Chopper (level 5, 27/45 HPs)
             Began as a Naga Gladiator on Dec 20, 2018.
             Quit the game on level 7 of the Dungeon.
             The game lasted 00:02:00 (1679 turns).

Duffy the Chopper (Naga Gladiator)                  Turns: 1679, Time: 00:02:00

Health: 27/45      AC:  4    Str: 18    XL:     5   Next: 38%
Magic:  5/5        EV: 10    Int:  8    God:
Gold:   66         SH:  0    Dex: 12    Spells: 4/4 levels left

rFire    . . .     SeeInvis +   a - +0 war axe
rCold    . . .     Gourm    .   (no shield)
rNeg     . . .     Faith    .   b - +0 leather armour
rPois    +         Spirit   .   c - +0 helmet
rElec    .         Reflect  .   (no cloak)
rCorr    .         Harm     .   (no gloves)
MR       .....                  (no barding)
Stlth    +.........             (no amulet)
HPRegen  0.15/turn              (no ring)
MPRegen  0.09/turn              (no ring)

@: very slow
A: large, see invisible, deformed body, poison resistance, slowness 2, slow
metabolism 1, spit poison 1, AC +1
a: Spit Poison


You were on level 7 of the Dungeon.
You were hungry.

You visited 1 branch of the dungeon, and saw 7 of its levels.

You collected 66 gold pieces.

Inventory:

Hand Weapons
 a - a +0 war axe (weapon)
Missiles
 d - 3 throwing nets (quivered)
Armour
 b - a +0 leather armour (worn)
 c - a +0 helmet (worn)
Scrolls
 g - 3 scrolls of enchant weapon {unknown}
 h - a scroll of teleportation {unknown}
 j - 2 scrolls of blinking {unknown}
Potions
 k - a potion of curing {unknown}
Comestibles
 f - 3 rations


   Skills:
 - Level 2.0 Fighting
 + Level 5.9 Axes
 - Level 1.7 Throwing
 - Level 2.4 Dodging


You had 4 spell levels left.
You didn't know any spells.
Your spell library was empty.

Dungeon Overview and Level Annotations

Branches:
Dungeon (7/15)
 Temple: D:4-7

Altars:
Fedhas

Annotations:
D:4 Ijyb


Innate Abilities, Weirdness & Mutations

You cannot wear boots.
Your serpentine skin is tough. (AC +1)
You have supernaturally acute eyesight. (SInv)
Armour fits poorly on your strangely shaped body.
Your system is resistant to poisons. (rPois)
You cover ground very slowly.
You have a slow metabolism.
You can spit poison.


Message History

The orc is lightly wounded.
The orc closely misses you.
You hit the orc but do no damage.
The orc is lightly wounded.
The orc barely misses you.
You slash the orc!
You kill the orc!
No target in view!
No target in view!
No target in view!
No target in view!
No target in view!
Items here: %% ) [ a +0 mace of holy wrath; a +0 leather armour; an orc corpse x2
Things that are here:
a +0 hand axe; a +0 leather armour
Items here: %% ) [ a +0 mace of holy wrath; a +0 leather armour; an orc corpse x2
Okay, then.
Are you sure you want to abandon this character and quit the game? (Confirm

##### ####.#.#
........
.#.###...########
........@.......
...#...........
##..#.#.########
#..............#
#.....#......#.#
#.#...#..##......
#....<#..# .#.#.
#.####..#..# # #
......).#..#


There were no monsters in sight!

Vanquished Creatures
  A crimson imp (D:4)
  An orc wizard (D:3)
  2 worker ants (D:5)
  An adder (D:7)
  An adder skeleton (D:6)
  A worm (D:4)
  A dart slug (D:4)
  A leopard gecko (D:4)
  6 orcs
  3 bats
  2 giant cockroaches (D:1)
  3 goblins (D:1)
  A hobgoblin (D:3)
  A quokka (D:4)
  2 frilled lizards
  3 kobolds
30 creatures vanquished.

Notes
Turn   | Place    | Note
-------+----------+-------------------------------------------
     0 | D:1      | Duffy the Naga Gladiator began the quest for the Orb.
     0 | D:1      | Reached XP level 1. HP: 19/19 MP: 1/1
   158 | D:1      | Reached XP level 2. HP: 13/26 MP: 2/2
   640 | D:4      | Reached skill level 4 in Axes
   886 | D:4      | Reached XP level 3. HP: 24/32 MP: 3/3
  1095 | D:5      | Entered Level 5 of the Dungeon
  1105 | D:4      | Reached skill level 5 in Axes
  1105 | D:4      | Reached XP level 4. HP: 37/39 MP: 4/4
  1131 | D:4      | Noticed Ijyb
  1389 | D:5      | Reached XP level 5. HP: 25/45 MP: 5/5
  1593 | D:6      | Found a blossoming altar of Fedhas.
  1679 | D:7      | Quit the game

Vault maps used:
D:1:      lemuel_arrival_rhombus, feat_on_display
D:3:      first_ration
D:4:      ashenzari_altar_1, minmay_ruined_shrine, uniq_sigmund, uniq_ijyb,
          uniq_blork_the_orc, uniq_pikel
D:5:      kennysheep_generic_room_12
D:6:      basic_altar, fedhas_ov_isle_minmay
D:7:      minmay_temple_entry_glass, basic_altar,
          nicolae_ossuary_entry_false_entrances

Skill      XL: |  1  2  3 |
---------------+----------+-----
Axes           | 4 5 |  5.9
Fighting       | |  2.0
Throwing       | |  1.7
Dodging        | |  2.4

Action                   |  1- 3 |  4- 6 || total
-------------------------+-------+-------++-------
Melee: War axe           |    56 |    31 ||    87
 Abil: Spit Poison       |     5 |     3 ||     8
  Use: Potion            |       |     2 ||     2
  Eat: Chunk             |       |     1 ||     1
Armor: Leather armour    |     8 |     4 ||    12
Dodge: Dodged            |    31 |    21 ||    52

Table legend:
 A = Non-vault XP
 B = Vault XP
 C = Vault XP percentage of total XP
 D = Non-vault monster count
 E = Vault monster count
 F = Vault count percentage of total count
                 A         B        C        D         E       F
            +---------+---------+-------+---------+---------+-------
      Total |     224 |       0 |   0.0 |      30 |       0 |   0.0
            +---------+---------+-------+---------+---------+-------
        D:1 |      18 |       0 |   0.0 |      10 |       0 |   0.0
        D:2 |       2 |       0 |   0.0 |       1 |       0 |   0.0
        D:3 |      40 |       0 |   0.0 |       4 |       0 |   0.0
        D:4 |      65 |       0 |   0.0 |       6 |       0 |   0.0
        D:5 |      69 |       0 |   0.0 |       3 |       0 |   0.0
        D:6 |       5 |       0 |   0.0 |       1 |       0 |   0.0
        D:7 |      25 |       0 |   0.0 |       5 |       0 |   0.0
            +---------+---------+-------+---------+---------+-------
